 Dungeon Crawl Stone Soup version 0.28-a0-984-g3775c662fe (webtiles) character file.

Game seed: 2984176367469252028

95 devianceone the Skirmisher (level 4, 0/41 HPs)
             Began as a Minotaur Berserker on Dec 3, 2021.
             Was a Believer of Trog.
             Succumbed to a scorpion's poison
             ... on level 4 of the Dungeon.
             The game lasted 00:06:54 (1689 turns).

devianceone the Skirmisher (Minotaur Berserker)     Turns: 1689, Time: 00:06:55

Health: 0/41       AC: 11    Str: 24    XL:     4   Next: 40%
Magic:  1/3        EV:  8    Int:  4    God:    Trog [**....]
Gold:   213        SH:  0    Dex:  9    Spells: 3/3 levels left

rFire   . . .      SeeInvis .   a - +0 falchion
rCold   . . .      Faith    .   (no shield)
rNeg    . . .      Spirit   +   l - +0 chain mail
rPois   .          Reflect  .   (helmet restricted)
rElec   .          Harm     .   (no cloak)
rCorr   .          Rampage  .   i - +0 pair of gloves
Will    .....                   o - +0 pair of boots
Stlth   ..........              j - amulet of guardian spirit
HPRegen 0.13/turn               (no ring)
MPRegen 0.08/turn               (no ring)

@: lethally poisoned (0 -> -4), about to teleport
A: horns 2, retaliatory headbutt
a: Renounce Religion, Berserk, Trog's Hand


You were on level 4 of the Dungeon.
You worshipped Trog.
Trog was pleased with you.
You visited 1 branch of the dungeon, and saw 4 of its levels.

You collected 213 gold pieces.

Inventory:

Hand Weapons
 a - a +0 falchion (weapon)
 c - a +0 spear of venom
Missiles
 h - 72 stones (quivered)
 m - 10 poisoned darts
Armour
 b - a +0 animal skin
 f - a +0 ring mail
 i - a +0 pair of gloves (worn)
 l - a +0 chain mail (worn)
 o - a +0 pair of boots (worn)
Jewellery
 j - an amulet of guardian spirit (around neck)
Scrolls
 g - 2 scrolls of identify
 k - a scroll of blinking {unknown}
 q - a scroll of noise
 r - a scroll of vulnerability
Potions
 d - a potion of berserk rage
 e - a potion of degeneration {unknown}
 n - a potion of attraction {unknown}
 s - a potion of lignification {unknown}
 t - a potion of invisibility {unknown}


   Skills:
 + Level 4.8 Fighting
 + Level 4.7 Long Blades
 + Level 3.2 Armour
 + Level 2.6 Dodging


You had 3 spell levels left.
You didn't know any spells.
Your spell library was empty.

Dungeon Overview and Level Annotations

Branches:
Dungeon (4/15)
 Temple: D:4-7

Altars:


Innate Abilities, Weirdness & Mutations

You have a pair of horns on your head.
You reflexively headbutt those who attack you in melee.


Message History

The scorpion closely misses you. You furiously retaliate!
You headbutt the scorpion, but do no damage.
You hit the scorpion but do no damage.
The scorpion is lightly wounded.
You feel sick. The jackal barely misses you. The scorpion misses you.
You hit the scorpion. Your headbutt misses the scorpion.
The scorpion is moderately wounded.
You feel sick. The jackal closely misses you. You furiously retaliate!
You headbutt the jackal. The scorpion stings you.
You are more poisoned.
The scorpion poisons you!
The jackal bites you but does no damage.
You feel very sick.
The scorpion stings you but does no damage.
You barely miss the scorpion. Your headbutt misses the scorpion.
The scorpion is lightly wounded.
* * * LOW HITPOINT WARNING * * *
You feel very sick.
The scorpion stings you but does no damage.
You hit the scorpion but do no damage.
The scorpion is lightly wounded.
* * * LOW HITPOINT WARNING * * *
You feel sick. The scorpion closely misses you.
You hit the scorpion.
The scorpion is heavily wounded.
* * * LOW HITPOINT WARNING * * *
You feel sick. The scorpion closely misses you.
You barely miss the scorpion. Your headbutt misses the scorpion.
The scorpion is heavily wounded.
* * * LOW HITPOINT WARNING * * *
You feel sick. The scorpion stings you.
* * * LOW HITPOINT WARNING * * *
The scorpion barely misses you.
* * * LOW HITPOINT WARNING * * *
You feel sick.
There is a lethal amount of poison in your body!
As you read the scroll of teleportation, it crumbles to dust.
You feel strangely unstable.
You hear the slow rusting of a very distant drain.
You die...

#.# #.# # ##########.##
#.#
..########.........#.###.#
#........................#
......#.#...##############
............#
......#.#..## ........hs.#
.....##†##@# ##! #.##.#
.....# ##.#### #.. ##. .


You could see a scorpion and a jackal.

Vanquished Creatures
  A hound (D:2)
  3 adders (D:2)
  A worm (D:3)
  A bat (D:2)
  4 endoplasms
  A giant cockroach (D:2)
  5 hobgoblins
  5 jackals
  2 quokkas
  2 ball pythons
  3 frilled lizards
  4 kobolds
  4 rats
36 creatures vanquished.

Notes
Turn   | Place    | Note
-------+----------+-------------------------------------------
     0 | D:1      | devianceone the Minotaur Berserker began the quest for the
                  | Orb.
     0 | D:1      | Reached XP level 1. HP: 19/19 MP: 0/0
   468 | D:1      | Reached XP level 2. HP: 27/27 MP: 1/1
   908 | D:2      | Reached XP level 3. HP: 27/34 MP: 0/2
  1133 | D:2      | Reached ** piety under Trog
  1163 | D:2      | Reached XP level 4. HP: 35/41 MP: 1/3
  1672 | D:4      | Noticed a scorpion
  1687 | D:4      | HP: 2/41 [scorpion (5)]
  1689 | D:4      | Succumbed to a scorpion's poison

Illustrated notes

Levels and vault maps discovered:
D:1:      dpeg_arrival_simpleton_b, layout_loops_ring
D:2:      layout_loops_ring
D:3:      layout_loops_cross, ebering_ghost_gozag
D:4:      layout_loops_ring, cheibrodos_sewer_entry_sluice

Skill      XL: |  1  2  3 |
---------------+----------+-----
Fighting       | 4 |  4.8
Long Blades    | 4 |  4.7
Armour         | 3 |  3.2
Dodging        | |  2.6

Action                   |  1- 3 |  4- 6 || total
-------------------------+-------+-------++-------
Melee: Falchion          |    49 |    26 ||    75
       Headbutt          |     8 |     2 ||    10
  Use: Scroll            |     5 |     1 ||     6
Armor: Ring mail         |    13 |       ||    13
       Chain mail        |     6 |    13 ||    19
Dodge: Dodged            |    22 |    14 ||    36

Table legend: (Time is in decaauts)
 A = Elapsed time spent in this place.
 B = Non-inter-level travel time spent in this place.
 C = Inter-level travel time spent in this place.
 D = Time resting spent in this place.
 E = Time spent auto-exploring this place.
 F = Levels seen in this place.
 G = Mean time per level.
                   A        B        C        D        E       F      G
               +--------+--------+--------+--------+--------+-----+--------+
         Total |   1694 |   1665 |     29 |      0 |   1064 |   4 |  423.5 |
       Dungeon |   1694 |   1665 |     29 |      0 |   1064 |   4 |  423.5 |
               +--------+--------+--------+--------+--------+-----+--------+

Top non-repeatable levels by time:
     D:1: 796 daAuts
     D:2: 635 daAuts
     D:3: 213 daAuts
     D:4: 49 daAuts
